Map: Orbital Shipyard

Players

wabbajack

  • Race: Zerg Zerg
  • League: Grandmaster

АльтерМанн - Winner!

  • Race: Protoss Protoss
  • League: Silver

VOD

Have the link to the VOD?

Description

Time

  • Played on: July 15, 2015, 3:36 p.m.
  • Length: 9:59
Show
View Real Time Build Order
Export as new Build Order

wabbajack Zerg 

Build Orders: Hatch First 

Get SALT Encoding   

  12  0:02  Drone  
  13  0:14  Overlord  
  13  0:19  Drone  
  14  0:23  Extractor  
  14  0:25  Drone  
  15  0:36  Drone  
  15  0:37  Drone  
  17  0:55  Hatchery  
  16  1:01  Drone x2  
  18  1:05  Extractor  
  17  1:18  Spawning Pool  
  17  1:21  Drone x2  
  18  1:30  Drone  
  19  1:41  Overlord  
  19  2:01  Drone  
  20  2:04  Drone  
  20  2:05  Queen  
  20  2:07  Queen  
  25  2:13  Metabolic Boost  
  25  2:23  Drone  
  25  2:24  Drone x3  
  25  2:29  Drone  
  30  2:41  Roach Warren  
  30  2:43  Extractor  
  28  2:52  Pneumatized Carapace  
  28  3:01  Drone x3  
  28  3:02  Drone x2  
  33  3:11  Overlord  
  33  3:13  Overlord x2  
  33  3:24  Zergling x2  
  33  3:25  Zergling x4  
  36  3:30  Zergling x6  
  36  3:31  Zergling x2  
  36  3:33  Zergling x2  
  41  3:53  Roach x6  
  53  3:59  Overlord  
  53  4:02  Roach  
  55  4:03  Roach  
  55  4:07  Roach  
  59  4:37  Overlord  
  59  4:38  Zergling x10  
  60  4:39  Zergling x8  
  60  4:41  Overlord  
  68  5:06  Ravager x3  
  72  5:07  Ravager  
  72  5:09  Ravager  
  72  5:11  Zergling x14  
  72  5:12  Zergling x8  
  33  6:20  Zergling x24  
  45  6:39  Drone x6  
  52  6:40  Hatchery, Drone  
  51  6:54  Hatchery  
  46  7:25  Lair, Evolution Chamber  
  46  7:27  Evolution Chamber  
  46  7:28  Drone  
  46  7:29  Drone x2  
  47  7:32  Extractor x2  
  37  8:01  Zerg Ground Armor Level 1  
  37  8:03  Evolution Chamber  
  36  8:08  Drone x2  
  36  8:09  Drone x3  
  36  8:10  Drone x3  
  36  8:11  Drone  
  45  8:16  Queen  
  45  8:17  Queen  
  49  8:22  Drone x3  
  49  8:23  Drone x2  
  49  8:24  Overlord x2  
  49  8:26  Roach  
  70  8:27  Roach x8  
  70  8:34  Hydralisk Den  
  71  8:40  Overlord x3  
  71  8:41  Overlord  
  71  8:42  Zergling x16  
  75  9:05  Zergling x12  
  60  9:18  Hydralisk x6  
  70  9:28  Hydralisk x3  
Show
View Real Time Build Order
Export as new Build Order

АльтерМанн Protoss - Winner!

Build Orders:  

Get SALT Encoding   

  12  0:15  Probe  
  12  0:17  Pylon  
  13  0:27  Probe  
  14  0:40  Gateway  
  14  0:41  Probe (Chrono Boost)  
  15  0:49  Assimilator  
  15  0:53  Probe (Chrono Boost)  
  16  1:01  Probe (Chrono Boost)  
  17  1:11  Probe (Chrono Boost)  
  18  1:21  Probe (Chrono Boost)  
  19  1:28  Probe  
  20  1:38  Cybernetics Core  
  20  1:49  Nexus  
  20  1:59  Zealot (Chrono Boost)  
  22  2:03  Pylon  
  22  2:05  Assimilator  
  22  2:12  Pylon  
  22  2:26  Adept (Chrono Boost)  
  22  2:29  Probe  
  25  2:39  Warp Gate (Chrono Boost)  
  25  2:41  Probe  
  26  2:52  Robotics Facility  
  26  2:55  Mothership Core (Chrono Boost)  
  28  3:05  Stalker  
  30  3:10  Probe (Chrono Boost)  
  31  3:14  Probe (Chrono Boost)  
  32  3:22  Probe (Chrono Boost)  
  32  3:24  Probe (Chrono Boost)  
  34  3:29  Robotics Facility  
  34  3:33  Probe x2  
  35  3:45  Probe x2  
  37  3:54  Pylon  
  37  3:57  Probe x2  
  43  4:09  Immortal (Chrono Boost)  
  44  4:10  Probe x2  
  49  4:20  Immortal (Chrono Boost)  
  49  4:22  Probe x2  
  51  4:34  Probe x2  
  54  4:38  Observer (Chrono Boost)  
  54  4:46  Probe x2  
  54  4:47  Pylon  
  54  4:50  Pylon  
  54  4:52  Immortal (Chrono Boost)  
  60  5:00  Gateway  
  60  5:05  Immortal (Chrono Boost)  
  64  5:15  Adept  
  64  5:19  Probe x2  
  64  5:21  Immortal  
  72  5:23  Pylon  
  62  5:57  Adept  
  62  6:02  Adept  
  54  6:13  Immortal x2 (Chrono Boost)  
  62  6:19  Assimilator  
  62  6:21  Assimilator  
  62  6:23  Adept x2  
  66  6:45  Immortal x2 (Chrono Boost)  
  66  6:46  Nexus  
  74  6:48  Assimilator  
  74  6:51  Probe  
  74  6:52  Probe  
  74  6:53  Assimilator  
  76  6:56  Pylon  
  76  7:00  Adept x2  
  80  7:03  Probe  
  80  7:04  Probe  
  82  7:15  Probe  
  83  7:18  Twilight Council  
  83  7:24  Forge  
  83  7:26  Forge  
  83  7:27  Probe  
  83  7:29  Adept x2, Robotics Bay  
  80  7:46  Probe  
  80  7:48  Probe  
  78  7:58  Probe  
  78  7:59  Immortal x2 (Chrono Boost)  
  78  8:00  Probe  
  78  8:02  Probe  
  89  8:10  Probe  
  89  8:12  Probe  
  91  8:14  Probe  
  92  8:22  Probe  
  92  8:24  Probe  
  94  8:32  Observer  
  95  8:35  Probe  
  96  8:47  Probe  
  97  8:59  Probe  
  98  9:10  Pylon  
  94  9:18  Gateway  
  94  9:20  Gateway  
  94  9:22  Gateway  
Tags
 
Add a new tag
Caveats
  • Supply blocks, unpowered buildings, or Contaminate may cause inaccurate times.
  • Supply counts are checked every 10 seconds.